[Event "19th IPCA WCC 2019"]
[Site "Ruzomberok"]
[Date "2019.06.30"]
[Round "3.4"]
[White "Mukha, Nikolay"]
[Black "Nowak, Lukasz"]
[Result "1/2-1/2"]
[ECO "D37"]
[WhiteElo "2159"]
[BlackElo "2267"]
[Annotator "NA"]
[PlyCount "63"]
[EventDate "2019.06.28"]
[EventType "swiss"]
[EventCountry "SVK"]
[SourceTitle "playchess.com"]
[Source "ChessBase"]
[SourceQuality "1"]
[TimeControl "5400+30"]

1. d4 Nf6 2. c4 e6 3. Nf3 d5 4. Nc3 a6 5. cxd5 exd5 6. Bg5 Be6 7. e3 Nbd7 8. Be2 Bd6 9. O-O c6 10. Qc2 O-O 11. Rac1 Qc7 12. Bxf6 Nxf6 13. Rfd1 Bg4 14. h3 Bh5 15. Nh4 Bxe2 16. Qxe2 g6 17. Nf3 Qe7 18. Ne1 Ne4 19. Nd3 Rae8 20. Nxe4 Qxe4 21. Qf3 f5 22. Qxe4 Rxe4 23. Nc5 Bxc5 24. Rxc5 f4 25. Rc3 Rfe8 26. exf4 Rxf4 27. Re3 Ree4 28. Rxe4 Rxe4 29. Kf1 Kf7 30. f3 Re6 31. h4 a5 32. Kf2 1/2-1/2

[Event "19th IPCA WCC 2019"]
[Site "Ruzomberok"]
[Date "2019.06.30"]
[Round "3.5"]
[White "Valenta, Vit"]
[Black "Tebenkov, Vladislav"]
[Result "1-0"]
[ECO "A00"]
[WhiteElo "2147"]
[BlackElo "2096"]
[Annotator "NA"]
[PlyCount "67"]
[EventDate "2019.06.28"]
[EventType "swiss"]
[EventCountry "SVK"]
[SourceTitle "playchess.com"]
[Source "ChessBase"]
[SourceQuality "1"]
[TimeControl "5400+30"]

1. b4 e5 2. Bb2 d6 3. g3 f5 4. Bg2 Nf6 5. d3 Be7 6. Nd2 O-O 7. e3 Qe8 8. Ne2 Nc6 9. b5 Nd8 10. c4 Ne6 11. O-O Qh5 12. Nc3 Qh6 13. Nd5 Bd8 14. Qe2 f4 15. Nxf6+ Bxf6 16. Ne4 Ng5 17. Nxf6+ gxf6 18. exf4 exf4 19. h4 f3 20. Bxf3 Nxf3+ 21. Qxf3 Qg6 22. Rfe1 Bf5 23. Re7 Rae8 24. Rae1 Rxe7 25. Rxe7 Bxd3 26. Qd5+ Kh8 27. h5 Qf5 28. Qxf5 Bxf5 29. Rxc7 Be6 30. Rxb7 Bxc4 31. h6 a6 32. b6 Bd5 33. Re7 Rc8 34. g4 1-0

[Event "19th IPCA WCC 2019"]
[Site "Ruzomberok"]
[Date "2019.06.30"]
[Round "3.6"]
[White "Shashikant, Kutwal"]
[Black "Obodchuk, Andrei"]
[Result "1-0"]
[ECO "B90"]
[WhiteElo "2176"]
[BlackElo "2316"]
[Annotator "NA"]
[PlyCount "47"]
[EventDate "2019.06.28"]
[EventType "swiss"]
[EventCountry "SVK"]
[SourceTitle "playchess.com"]
[Source "ChessBase"]
[SourceQuality "1"]
[TimeControl "5400+30"]

1. e4 c5 2. Nf3 d6 3. d4 cxd4 4. Nxd4 Nf6 5. Nc3 a6 6. Be3 e6 7. Be2 Qc7 8. f4 b5 9. O-O Bb7 10. Bf3 b4 11. e5 dxe5 12. fxe5 Nfd7 13. Bxb7 Qxb7 14. Na4 g6 15. Qg4 Nxe5 16. Qh3 Nbc6 17. Rad1 Be7 18. Nxe6 fxe6 19. Qxe6 Qc8 20. Nc5 h6 21. Nd7 Nxd7 22. Qxg6+ Kd8 23. Bb6+ Qc7 24. Qxc6 1-0

[Event "19th IPCA WCC 2019"]
[Site "Ruzomberok"]
[Date "2019.06.30"]
[Round "3.7"]
[White "Babula, Milan"]
[Black "Kovacevic, Krsto"]
[Result "1/2-1/2"]
[ECO "B90"]
[WhiteElo "2220"]
[BlackElo "2049"]
[Annotator "NA"]
[PlyCount "107"]
[EventDate "2019.06.28"]
[EventType "swiss"]
[EventCountry "SVK"]
[SourceTitle "playchess.com"]
[Source "ChessBase"]
[SourceQuality "1"]
[TimeControl "5400+30"]

1. e4 c5 2. Nf3 d6 3. d4 cxd4 4. Nxd4 Nf6 5. Nc3 a6 6. h3 e6 7. g4 Be7 8. Bg2 Nfd7 9. Be3 Qc7 10. O-O Ne5 11. Re1 Nc4 12. Bc1 b5 13. Nf5 O-O 14. Nxe7+ Qxe7 15. b3 Ne5 16. Bb2 Bb7 17. Qd2 Nbc6 18. Rad1 Rad8 19. Qe3 Rd7 20. Rd2 Rfd8 21. Red1 h6 22. Ne2 Ng6 23. f4 e5 24. Qc3 b4 25. Qg3 Qh4 26. Kh2 Qxg3+ 27. Kxg3 f6 28. h4 a5 29. f5 Nge7 30. a3 Ba6 31. axb4 axb4 32. Kf2 Kf8 33. Bf1 d5 34. exd5 Rxd5 35. Rxd5 Rxd5 36. Rxd5 Nxd5 37. Bg2 Bxe2 38. Bxd5 Ne7 39. Bf3 Bb5 40. Bc1 h5 41. Bd2 hxg4 42. Bxg4 Nd5 43. Bf3 Nc3 44. Ke3 Ke7 45. Bxc3 bxc3 46. Be2 Bd7 47. Bd3 Kd6 48. Be4 Kc5 49. Kd3 Kb4 50. Ke3 Bc8 51. Kd3 Ba6+ 52. Ke3 Bc8 53. Kd3 Bd7 54. Ke3 1/2-1/2

[Event "19th IPCA WCC 2019"]
[Site "Ruzomberok"]
[Date "2019.06.30"]
[Round "3.8"]
[White "Tersinsev, Andrey"]
[Black "Gerasimova, Svetlana"]
[Result "1-0"]
[ECO "A45"]
[WhiteElo "2164"]
[BlackElo "1913"]
[Annotator "NA"]
[PlyCount "83"]
[EventDate "2019.06.28"]
[EventType "swiss"]
[EventCountry "SVK"]
[SourceTitle "playchess.com"]
[Source "ChessBase"]
[SourceQuality "1"]
[TimeControl "5400+30"]

1. d4 Nf6 2. Bf4 c5 3. e3 g6 4. c3 Bg7 5. Be2 O-O 6. dxc5 Na6 7. Bxa6 bxa6 8. Qf3 d5 9. cxd6 Bg4 10. Qc6 Rc8 11. Qxa6 Nd5 12. Ne2 Nb4 13. cxb4 Bxb2 14. f3 Bd7 15. Kf2 e5 16. Nd2 exf4 17. Nxf4 Bxa1 18. Rxa1 Rc2 19. Qd3 Qh4+ 20. Kg1 Rfc8 21. g3 Qf6 22. Rd1 Rc1 23. Nb3 Rxd1+ 24. Qxd1 Qb2 25. Nc5 Bc6 26. Nfd3 Qf6 27. Nf4 Rd8 28. d7 Qe5 29. e4 h5 30. Nd5 h4 31. f4 Qd6 32. Qd4 Bxd5 33. Qxd5 Qxd5 34. exd5 hxg3 35. hxg3 Kg7 36. Kf2 Kf6 37. d6 Kf5 38. Kf3 g5 39. g4+ Kf6 40. a4 gxf4 41. Kxf4 Rb8 42. Nb7 1-0

[Event "19th IPCA WCC 2019"]
[Site "Ruzomberok"]
[Date "2019.06.30"]
[Round "3.9"]
[White "Alekseev, Mikhail"]
[Black "Glazar, Domagoj"]
[Result "1-0"]
[ECO "C50"]
[WhiteElo "1869"]
[BlackElo "2153"]
[Annotator "NA"]
[PlyCount "105"]
[EventDate "2019.06.28"]
[EventType "swiss"]
[EventCountry "SVK"]
[SourceTitle "playchess.com"]
[Source "ChessBase"]
[SourceQuality "1"]
[TimeControl "5400+30"]

1. e4 e5 2. Nf3 Nc6 3. Bc4 Bc5 4. O-O Nf6 5. d3 h6 6. c3 d6 7. a4 a5 8. h3 O-O 9. Bb3 d5 10. exd5 Nxd5 11. Nxe5 Bxf2+ 12. Rxf2 Nxe5 13. d4 Ng6 14. Na3 c6 15. Bc2 Re8 16. Nc4 b5 17. Bxg6 fxg6 18. Ne5 Qd6 19. axb5 cxb5 20. Qf3 Kh7 21. Bxh6 Bb7 22. Bxg7 Qe6 23. Qf7 Bc8 24. Ng4 Qxf7 25. Rxf7 Bxg4 26. hxg4 Kg8 27. Rd7 Ne3 28. Be5 Re6 29. Re1 Nxg4 30. Rg7+ Kf8 31. Rf1+ Nf6 32. Rxg6 Ke7 33. Rfxf6 Rxf6 34. Rxf6 b4 35. cxb4 axb4 36. Rb6 Ra2 37. Rxb4 Ke6 38. Rb6+ Kd5 39. Kf2 Ke4 40. Rb3 Ra8 41. Re3+ Kd5 42. g4 Rg8 43. Rg3 Ke4 44. g5 Rg6 45. Bf6 Rg8 46. g6 Kf5 47. Rf3+ Ke6 48. g7 Rb8 49. Rb3 Rc8 50. Be5 Rc2+ 51. Kf3 Rc8 52. Rb8 Rxb8 53. Bxb8 1-0

[Event "19th IPCA WCC 2019"]
[Site "Ruzomberok"]
[Date "2019.06.30"]
[Round "3.10"]
[White "Matana, Zoran"]
[Black "Wielecki, Zygmunt"]
[Result "1/2-1/2"]
[ECO "A44"]
[WhiteElo "1818"]
[BlackElo "2145"]
[Annotator "NA"]
[PlyCount "64"]
[EventDate "2019.06.28"]
[EventType "swiss"]
[EventCountry "SVK"]
[SourceTitle "playchess.com"]
[Source "ChessBase"]
[SourceQuality "1"]
[TimeControl "5400+30"]

1. d4 c5 2. d5 e5 3. c4 d6 4. e4 Ne7 5. f4 exf4 6. Bxf4 Ng6 7. Bg3 Be7 8. Nf3 Bf6 9. Nc3 a6 10. Be2 O-O 11. O-O Qe7 12. Qc2 Nd7 13. Rae1 Nde5 14. h3 Nxf3+ 15. Bxf3 Ne5 16. Be2 Bd7 17. b3 Bh4 18. Bxh4 Qxh4 19. Kh2 Rae8 20. Qd2 Ng6 21. Bd3 Re5 22. Qf2 Qe7 23. Ne2 b5 24. Nf4 bxc4 25. bxc4 Re8 26. Rb1 f5 27. Nxg6 hxg6 28. exf5 Bxf5 29. Bxf5 Rxf5 30. Qg3 Rg5 31. Qf4 Rf5 32. Qg3 Rg5 1/2-1/2

[Event "19th IPCA WCC 2019"]
[Site "Ruzomberok"]
[Date "2019.06.30"]
[Round "3.11"]
[White "Lipilin, Ilia"]
[Black "Belak, Stefan"]
[Result "1/2-1/2"]
[ECO "A06"]
[WhiteElo "2084"]
[BlackElo "1851"]
[Annotator "NA"]
[PlyCount "86"]
[EventDate "2019.06.28"]
[EventType "swiss"]
[EventCountry "SVK"]
[SourceTitle "playchess.com"]
[Source "ChessBase"]
[SourceQuality "1"]
[TimeControl "5400+30"]

1. Nf3 d5 2. c4 c6 3. d4 e6 4. e3 f5 5. Bd3 Nf6 6. Nc3 Be7 7. Qc2 a6 8. cxd5 cxd5 9. Bd2 Nc6 10. a3 Bd7 11. O-O O-O 12. Rfc1 Rc8 13. Qd1 Bd6 14. Na4 Be8 15. Qb3 Qe7 16. Nc5 Bh5 17. Nxb7 Rb8 18. Rxc6 Rxb7 19. Qc2 Ne4 20. Ne5 Rfb8 21. b4 Be8 22. Rxa6 Rc7 23. Qb2 Rbc8 24. Be1 g5 25. f3 Nf6 26. Bd2 g4 27. f4 Bxe5 28. fxe5 Ne4 29. Ra5 g3 30. Bxe4 gxh2+ 31. Kh1 fxe4 32. Rc5 Qg5 33. Rf1 Rg7 34. Bc1 Rcc7 35. Rxc7 Rxc7 36. Qf2 Rf7 37. Qe2 Rg7 38. Rf4 Bh5 39. Qc2 h6 40. Rf2 Bf3 41. Kxh2 Qh4+ 42. Kg1 Bxg2 43. Rxg2 Qe1+ 1/2-1/2

[Event "19th IPCA WCC 2019"]
[Site "Ruzomberok"]
[Date "2019.06.30"]
[Round "3.12"]
[White "Sovetov, Oleksandr"]
[Black "Roehrig, Uwe"]
[Result "1-0"]
[ECO "E91"]
[WhiteElo "2009"]
[BlackElo "1802"]
[Annotator "NA"]
[PlyCount "47"]
[EventDate "2019.06.28"]
[EventType "swiss"]
[EventCountry "SVK"]
[SourceTitle "playchess.com"]
[Source "ChessBase"]
[SourceQuality "1"]
[TimeControl "5400+30"]

1. d4 Nf6 2. c4 g6 3. Nc3 Bg7 4. e4 d6 5. Be2 O-O 6. Nf3 Nbd7 7. h3 c5 8. d5 Ne8 9. O-O h6 10. Be3 Kh7 11. Qd2 a6 12. Bd3 Rb8 13. Rae1 Qa5 14. Bf4 Ne5 15. Nxe5 dxe5 16. Be3 Nd6 17. f4 f5 18. fxe5 Bxe5 19. Bxh6 Bg7 20. Bxg7 Kxg7 21. exf5 Bxf5 22. Rxe7+ Rf7 23. Rxf7+ Kxf7 24. g4 1-0

[Event "19th IPCA WCC 2019"]
[Site "Ruzomberok"]
[Date "2019.06.30"]
[Round "3.13"]
[White "Zavarsky, Juraj"]
[Black "Korber, Antonin"]
[Result "1-0"]
[ECO "C00"]
[WhiteElo "2000"]
[BlackElo "1759"]
[Annotator "NA"]
[PlyCount "69"]
[EventDate "2019.06.28"]
[EventType "swiss"]
[EventCountry "SVK"]
[SourceTitle "playchess.com"]
[Source "ChessBase"]
[SourceQuality "1"]
[TimeControl "5400+30"]

1. e4 e6 2. d4 d6 3. Nf3 b6 4. Bd3 Bb7 5. O-O Nd7 6. Qe2 g6 7. Bg5 Be7 8. Bxe7 Qxe7 9. Nc3 a6 10. a4 c5 11. Rfe1 Ngf6 12. e5 Nh5 13. exd6 Qxd6 14. Be4 Nf4 15. Qe3 cxd4 16. Nxd4 Bxe4 17. Nxe4 Qc7 18. Qa3 Nc5 19. Nf6+ Ke7 20. Ng4 Rhd8 21. Rad1 h5 22. Ne5 Ke8 23. Qg3 Nd5 24. b3 Rd6 25. Nc4 Rd7 26. Qg5 Rad8 27. Ne5 Rd6 28. Ndf3 Nc3 29. Rxd6 Rxd6 30. Qf6 N5e4 31. Qh8+ Ke7 32. Qg8 Rd1 33. Qxf7+ Kd6 34. Rxd1+ Nxd1 35. Nc4+ 1-0

[Event "19th IPCA WCC 2019"]
[Site "Ruzomberok"]
[Date "2019.06.30"]
[Round "3.14"]
[White "Felegyi, Karoly"]
[Black "Kozicz, Andrzej"]
[Result "0-1"]
[ECO "B95"]
[WhiteElo "1674"]
[BlackElo "1979"]
[Annotator "NA"]
[PlyCount "138"]
[EventDate "2019.06.28"]
[EventType "swiss"]
[EventCountry "SVK"]
[SourceTitle "playchess.com"]
[Source "ChessBase"]
[SourceQuality "1"]
[TimeControl "5400+30"]

1. e4 c5 2. Nf3 a6 3. d4 cxd4 4. Nxd4 Nf6 5. Nc3 d6 6. Bg5 e6 7. Nf3 Be7 8. e5 dxe5 9. Qxd8+ Bxd8 10. Nxe5 Nbd7 11. Nxd7 Bxd7 12. Be2 Bc6 13. O-O h6 14. Be3 O-O 15. Rad1 Bc7 16. Bc5 Rfe8 17. Bd6 Ba5 18. b4 Bb6 19. a4 Rac8 20. Be5 Ne4 21. Nxe4 Bxe4 22. c4 f6 23. Bd4 Bc7 24. Bd3 Bxd3 25. Rxd3 e5 26. Be3 Kf7 27. Rfd1 Red8 28. Rd7+ Ke6 29. Rxd8 Bxd8 30. c5 Be7 31. g3 a5 32. bxa5 Ra8 33. Rb1 Rxa5 34. Rb6+ Kf7 35. Rxb7 Rxa4 36. c6 Rc4 37. c7 Ke6 38. Bb6 Bd6 39. Ra7 g5 40. c8=Q+ Rxc8 41. Rh7 Bf8 42. Kg2 f5 43. Ba5 Rc2 44. Bb6 f4 45. gxf4 gxf4 46. Kf3 Rc6 47. Ba7 Kf6 48. Rb7 h5 49. Rb8 Bh6 50. h4 Kf5 51. Rb5 Rc3+ 52. Kg2 f3+ 53. Kh3 Bf4 54. Rb1 Rc1 55. Rxc1 Bxc1 56. Kg3 Ke4 57. Kh2 Bf4+ 58. Kg1 Kf5 59. Bc5 e4 60. Kf1 Be5 61. Be3 Bf6 62. Kg1 Bxh4 63. Kh2 Bg5 64. Bd4 e3 65. fxe3 Ke4 66. Bb6 Bxe3 67. Bc7 Kd3 68. Bg3 Bf4 69. Bxf4 f2 0-1

[Event "19th IPCA WCC 2019"]
[Site "Ruzomberok"]
[Date "2019.06.30"]
[Round "3.15"]
[White "Konkolova, Nikola"]
[Black "Jennitha, Anto K."]
[Result "0-1"]
[ECO "D00"]
[WhiteElo "1518"]
[BlackElo "1972"]
[Annotator "NA"]
[PlyCount "68"]
[EventDate "2019.06.28"]
[EventType "swiss"]
[EventCountry "SVK"]
[SourceTitle "playchess.com"]
[Source "ChessBase"]
[SourceQuality "1"]
[TimeControl "5400+30"]

1. d4 d5 2. Bf4 Nf6 3. e3 e6 4. Nd2 c5 5. c3 Nc6 6. Bd3 h6 7. Ngf3 Be7 8. a3 a6 9. h3 Nd7 10. b4 c4 11. Bb1 f5 12. g4 g5 13. Bg3 Nf6 14. gxf5 exf5 15. Ne5 Be6 16. Nxc6 bxc6 17. Be5 O-O 18. f4 Ne4 19. Nxe4 fxe4 20. Qh5 Kh7 21. Rg1 Qe8 22. Qxe8 Rfxe8 23. h4 g4 24. Rh1 Rg8 25. Kf2 g3+ 26. Kg1 h5 27. Bc2 Bg4 28. Bd1 a5 29. Kg2 Bxd1 30. Raxd1 axb4 31. axb4 Ra2+ 32. Kh3 Rf2 33. Rde1 Rg4 34. Rhg1 Rh2# 0-1

[Event "19th IPCA WCC 2019"]
[Site "Ruzomberok"]
[Date "2019.06.30"]
[Round "3.16"]
[White "Tsapalin, Sergey"]
[Black "Angappan A"]
[Result "1-0"]
[ECO "D35"]
[WhiteElo "1935"]
[BlackElo "1267"]
[Annotator "NA"]
[PlyCount "119"]
[EventDate "2019.06.28"]
[EventType "swiss"]
[EventCountry "SVK"]
[SourceTitle "playchess.com"]
[Source "ChessBase"]
[SourceQuality "1"]
[TimeControl "5400+30"]

1. d4 d5 2. c4 e6 3. Nc3 Nf6 4. cxd5 exd5 5. Bg5 Nbd7 6. e3 Be7 7. Bd3 O-O 8. Nge2 b6 9. O-O Bb7 10. Qc2 c5 11. Ng3 Rc8 12. Nf5 Re8 13. Qa4 c4 14. Bb1 Bc6 15. Qc2 Bf8 16. h4 h6 17. Bf4 Ne4 18. f3 g6 19. fxe4 dxe4 20. Nxh6+ Bxh6 21. Bxh6 Qxh4 22. Bf4 Kg7 23. Qf2 Qh5 24. Be5+ Nxe5 25. dxe5 Re7 26. Qf6+ Kf8 27. Bxe4 Bxe4 28. Nxe4 Qxe5 29. Qxe5 Rxe5 30. Rxf7+ Kxf7 31. Nd6+ Kf6 32. Nxc8 Rxe3 33. Nxa7 Re2 34. Rf1+ Ke6 35. Rf2 Re4 36. Nb5 Ke5 37. Rc2 g5 38. Kf2 Rf4+ 39. Ke3 Re4+ 40. Kd2 Rg4 41. Kc3 Kd5 42. Kb4 Rf4 43. Nc3+ Kd4 44. Ne2+ Kd3 45. Nxf4+ Kxc2 46. Nd5 Kxb2 47. a4 Kc2 48. Kxc4 Kd2 49. Nxb6 g4 50. Nd5 Ke2 51. Nf6 g3 52. Ne4 Ke3 53. Nxg3 Kf2 54. a5 Kxg2 55. a6 Kh2 56. a7 Kg1 57. a8=Q Kh2 58. Qf3 Kg1 59. Ne2+ Kh2 60. Qg3+ 1-0

[Event "19th IPCA WCC 2019"]
[Site "Ruzomberok"]
[Date "2019.06.30"]
[Round "3.17"]
[White "Kaydanovich, Marina"]
[Black "Pilimon, Zbigniew"]
[Result "1-0"]
[ECO "A46"]
[WhiteElo "1760"]
[BlackElo "1670"]
[Annotator "NA"]
[PlyCount "93"]
[EventDate "2019.06.28"]
[EventType "swiss"]
[EventCountry "SVK"]
[SourceTitle "playchess.com"]
[Source "ChessBase"]
[SourceQuality "1"]
[TimeControl "5400+30"]

1. d4 Nf6 2. Nf3 e6 3. c4 d5 4. e3 Be7 5. Nbd2 b6 6. Bd3 Bb7 7. O-O Nbd7 8. b3 Ne4 9. Bb2 Ndf6 10. Ne5 O-O 11. f3 Nxd2 12. Qxd2 Nd7 13. Qc2 h6 14. cxd5 Nxe5 15. dxe5 Bxd5 16. Rad1 Qc8 17. Qe2 c5 18. f4 Qb7 19. e4 Bc6 20. f5 exf5 21. exf5 f6 22. Bc4+ Kh8 23. e6 b5 24. Bd3 Rad8 25. Bc2 Bd5 26. Bc1 Rg8 27. Bf4 c4 28. h3 a6 29. Qg4 Qc6 30. Rfe1 Qb7 31. Qg6 Bc6 32. Qg3 Bc5+ 33. Kh2 Qe7 34. Rxd8 Rxd8 35. Rd1 Rxd1 36. Bxd1 cxb3 37. Qxb3 Be4 38. g4 Qb7 39. Kg3 Bh1 40. Bf3 Bxf3 41. Qxf3 Qxf3+ 42. Kxf3 Kg8 43. Ke4 Kf8 44. Kd5 Be7 45. Bd6 b4 46. Bxe7+ Kxe7 47. Ke4 1-0

[Event "19th IPCA WCC 2019"]
[Site "Ruzomberok"]
[Date "2019.06.30"]
[Round "3.19"]
[White "Zicho, Anton"]
[Black "Pamarthi Audietya Aazadh"]
[Result "0-1"]
[ECO "B50"]
[WhiteElo "1662"]
[BlackElo "1346"]
[Annotator "NA"]
[PlyCount "102"]
[EventDate "2019.06.28"]
[EventType "swiss"]
[EventCountry "SVK"]
[SourceTitle "playchess.com"]
[Source "ChessBase"]
[SourceQuality "1"]
[TimeControl "5400+30"]

1. e4 c5 2. Nf3 d6 3. c3 Nc6 4. d4 cxd4 5. cxd4 a6 6. Nc3 Bg4 7. Be2 Bxf3 8. Bxf3 g6 9. O-O Bg7 10. Be3 Nf6 11. Rc1 O-O 12. a3 Rc8 13. b4 e6 14. Qd2 d5 15. e5 Nd7 16. Be2 Nb6 17. Qa2 Ne7 18. f4 Nf5 19. Bf2 Qd7 20. Rc2 Nc4 21. Rfc1 b5 22. g4 Ne7 23. Nd1 f6 24. Qb3 fxe5 25. fxe5 g5 26. Ne3 Ng6 27. Nxc4 dxc4 28. Qg3 Nf4 29. Bf1 h6 30. Rc3 Rf7 31. R1c2 Rcf8 32. Rf3 Nd5 33. Rxf7 Qxf7 34. Bg2 Nf4 35. Be4 Qd7 36. Rd2 Bxe5 37. Qe3 Bb8 38. Bg3 Rd8 39. Qf3 Be5 40. d5 Qd6 41. Bf2 Nxd5 42. Bc5 Qd7 43. Bb6 Rf8 44. Qg2 Bf4 45. Rd1 Qc6 46. Bc5 Rd8 47. Qf3 Qd7 48. Bb6 Rf8 49. h3 Bh2+ 50. Kxh2 Rxf3 51. Bxf3 Qd6+ {Rd2} 0-1

[Event "19th IPCA WCC 2019"]
[Site "Ruzomberok"]
[Date "2019.06.30"]
[Round "3.20"]
[White "Engel, Katalin"]
[Black "Sovietova, Kateryna"]
[Result "0-1"]
[ECO "E61"]
[WhiteElo "1537"]
[BlackElo "1279"]
[Annotator "NA"]
[PlyCount "142"]
[EventDate "2019.06.28"]
[EventType "swiss"]
[EventCountry "SVK"]
[SourceTitle "playchess.com"]
[Source "ChessBase"]
[SourceQuality "1"]
[TimeControl "5400+30"]

1. d4 Nf6 2. c4 g6 3. Nc3 Bg7 4. Nf3 d6 5. Bg5 O-O 6. e4 b6 7. Be2 Bb7 8. d5 Nbd7 9. O-O Re8 10. Bd3 a5 11. a4 Nc5 12. Re1 Nfd7 13. Bc2 Ne5 14. Nd2 Qd7 15. Re3 e6 16. f4 f6 17. fxe5 fxg5 18. Nf3 Qe7 19. Qe1 g4 20. Nd2 Bxe5 21. Qe2 Bd4 22. Nf1 Bxe3+ 23. Qxe3 e5 24. Ng3 Rf8 25. Qe2 Rf4 26. Rf1 Rxf1+ 27. Nxf1 h5 28. Qe3 Kg7 29. Ne2 Rf8 30. Nfg3 Bc8 31. Qc3 Rf7 32. b4 axb4 33. Qxb4 Qf8 34. Qe1 Bd7 35. a5 bxa5 36. Qxa5 h4 37. Qd2 hxg3 38. Nxg3 Qe7 39. Qe2 Bc8 40. Qd2 Nd7 41. Bd1 Nf6 42. Qg5 Qf8 43. c5 dxc5 44. Qxe5 c4 45. Kf2 Qc5+ 46. Ke1 Kf8 47. Ne2 Qb4+ 48. Qc3 Qxc3+ 49. Nxc3 Re7 50. Bc2 Nh5 51. Kf2 Rf7+ 52. Ke3 Rf6 53. Kd4 Rf2 54. Ba4 Rxg2 55. Kxc4 Rxh2 56. e5 g3 57. d6 cxd6 58. exd6 g2 59. Ne2 Ba6+ 60. Bb5 Bc8 61. d7 Bxd7 62. Bxd7 Nf4 63. Nxf4 g1=Q 64. Ne6+ Ke7 65. Nc5 Qc1+ 66. Kb5 Rb2+ 67. Kc6 Rc2 68. Kb6 Rxc5 69. Ba4 Rc8 70. Bb5 Qc7+ 71. Ka6 Ra8# 0-1

[Event "19th IPCA WCC 2019"]
[Site "Ruzomberok"]
[Date "2019.06.30"]
[Round "3.21"]
[White "Wollner, Bohus"]
[Black "Spirka, Jan"]
[Result "1/2-1/2"]
[ECO "A40"]
[WhiteElo "1222"]
[BlackElo "1366"]
[Annotator "NA"]
[PlyCount "67"]
[EventDate "2019.06.28"]
[EventType "swiss"]
[EventCountry "SVK"]
[SourceTitle "playchess.com"]
[Source "ChessBase"]
[SourceQuality "1"]
[TimeControl "5400+30"]

1. d4 e6 2. c4 d6 3. Nc3 Nf6 4. Bg5 Be7 5. Nf3 Nbd7 6. e3 h6 7. Bh4 O-O 8. Be2 Nh7 9. Bxe7 Qxe7 10. O-O Rd8 11. Qc2 Nhf6 12. Rad1 Nf8 13. h3 Bd7 14. Rfe1 c6 15. b3 a6 16. Bd3 Rac8 17. e4 Nh5 18. Ne2 Ng6 19. e5 Nf8 20. Ng3 Nf4 21. Bf1 d5 22. c5 Be8 23. Ne2 Nh5 24. Ng3 Nxg3 25. fxg3 f6 26. Bd3 f5 27. Rf1 Bg6 28. Qd2 Nh7 29. Nh4 Bh5 30. Nf3 Bxf3 31. gxf3 Rf8 32. f4 h5 33. Be2 g6 34. h4 1/2-1/2

[Event "19th IPCA WCC 2019"]
[Site "Ruzomberok"]
[Date "2019.06.30"]
[Round "3.22"]
[White "Frumin, Rebeka"]
[Black "Kostova, Erika"]
[Result "1/2-1/2"]
[ECO "C10"]
[WhiteElo "1398"]
[BlackElo "1210"]
[Annotator "NA"]
[PlyCount "136"]
[EventDate "2019.06.28"]
[EventType "swiss"]
[EventCountry "SVK"]
[SourceTitle "playchess.com"]
[Source "ChessBase"]
[SourceQuality "1"]
[TimeControl "5400+30"]

1. e4 e6 2. d4 d5 3. Nc3 c5 4. Bb5+ Bd7 5. Bxd7+ Nxd7 6. exd5 cxd4 7. Qxd4 Bc5 8. Qxg7 Qf6 9. Qxf6 Ngxf6 10. dxe6 fxe6 11. Nf3 Bb4 12. Bd2 O-O 13. a3 Bxc3 14. Bxc3 Ne4 15. O-O Nxc3 16. bxc3 Rac8 17. Rfe1 Rf6 18. Re3 Nc5 19. Rd1 Rc7 20. Rd8+ Rf8 21. Rxf8+ Kxf8 22. h3 Re7 23. Ng5 Kg7 24. Ne4 Na4 25. Ng5 e5 26. Ne4 Re6 27. Rg3+ Kh8 28. Rg4 Nb6 29. Rg3 Nc4 30. Ng5 Re7 31. a4 e4 32. h4 h6 33. Nh3 Kh7 34. Nf4 Re5 35. Ne2 Nd6 36. Nd4 a6 37. Nb3 Nf5 38. Rg4 Nd6 39. Rf4 Kg7 40. Rg4+ Kh7 41. Rg3 Nf5 42. Rh3 h5 43. c4 Kg6 44. c3 Kf6 45. c5 Rd5 46. Nd4 Rxc5 47. Nxf5 Rxf5 48. Re3 Rf4 49. g3 Rg4 50. Kf1 Kf5 51. c4 a5 52. f3 exf3 53. Rxf3+ Ke4 54. Kf2 Ke5 55. Rb3 Rxc4 56. Rb5+ Ke4 57. Rxa5 Rc2+ 58. Ke1 Kf3 59. Rxh5 Kxg3 60. a5 Rb2 61. Rh6 Ra2 62. h5 Rxa5 63. Rb6 Rxh5 64. Rxb7 Re5+ 65. Kd2 Kf3 66. Rb3+ Kf4 67. Rb4+ Re4 68. Rxe4+ Kxe4 1/2-1/2

[Event "19th IPCA WCC 2019"]
[Site "Ruzomberok"]
[Date "2019.07.01"]
[Round "4.2"]
[White "Palin, Denis"]
[Black "Mukha, Nikolay"]
[Result "1/2-1/2"]
[ECO "A46"]
[WhiteElo "2180"]
[BlackElo "2159"]
[Annotator "NA"]
[PlyCount "95"]
[EventDate "2019.06.28"]
[EventType "swiss"]
[EventCountry "SVK"]
[SourceTitle "playchess.com"]
[Source "ChessBase"]
[SourceQuality "1"]
[TimeControl "5400+30"]

1. d4 Nf6 2. Nf3 c5 3. e3 g6 4. Bd3 Bg7 5. O-O d6 6. dxc5 dxc5 7. Bb5+ Nbd7 8. Ne5 O-O 9. Nxd7 Bxd7 10. Bxd7 Qxd7 11. Nc3 Qc6 12. Qe2 Ne4 13. Nxe4 Qxe4 14. f3 Qc6 15. e4 Rad8 16. Bg5 Rd7 17. c3 h6 18. Be3 Rfd8 19. Rad1 b6 20. Rxd7 Qxd7 21. Qc4 g5 22. a4 Be5 23. g3 Qh3 24. Qe2 Qe6 25. Rd1 Rd6 26. Rxd6 Bxd6 27. c4 Be5 28. b3 Qd6 29. Kg2 Bd4 30. Bd2 Qe6 31. Qd3 Kg7 32. f4 f6 33. h3 Qc6 34. Qf3 a6 35. h4 gxh4 36. Qg4+ Kf8 37. f5 hxg3 38. Kxg3 Ke8 39. Bxh6 Kd7 40. Kf3 b5 41. axb5 axb5 42. Qg8 bxc4 43. bxc4 Qa4 44. Qd5+ Ke8 45. Qg8+ Kd7 46. Qd5+ Ke8 47. Qg8+ Kd7 48. Qd5+ 1/2-1/2

[Event "19th IPCA WCC 2019"]
[Site "Ruzomberok"]
[Date "2019.07.01"]
[Round "4.3"]
[White "Shashikant, Kutwal"]
[Black "Jurkiewicz, Krzysztof"]
[Result "1-0"]
[ECO "B75"]
[WhiteElo "2176"]
[BlackElo "2275"]
[Annotator "NA"]
[PlyCount "65"]
[EventDate "2019.06.28"]
[EventType "swiss"]
[EventCountry "SVK"]
[SourceTitle "playchess.com"]
[Source "ChessBase"]
[SourceQuality "1"]
[TimeControl "5400+30"]

1. e4 c5 2. Nf3 d6 3. d4 cxd4 4. Nxd4 Nf6 5. Nc3 g6 6. Be3 Bg7 7. f3 a6 8. Qd2 Nbd7 9. a4 b6 10. Nd5 Bb7 11. c4 O-O 12. Be2 e6 13. Nxf6+ Qxf6 14. O-O d5 15. exd5 exd5 16. cxd5 Bxd5 17. a5 b5 18. Nxb5 Qxb2 19. Qxb2 Bxb2 20. Nc7 Bxa1 21. Rxa1 Be6 22. Nxa8 Rxa8 23. Rc1 Nf8 24. Rc6 Bc8 25. Bd4 Ne6 26. Bf6 Kf8 27. Kf2 Ke8 28. Rd6 Bb7 29. Bc4 Nc7 30. g4 Rc8 31. g5 Kf8 32. Rd7 Ke8 33. Re7+ 1-0

[Event "19th IPCA WCC 2019"]
[Site "Ruzomberok"]
[Date "2019.07.01"]
[Round "4.4"]
[White "Nowak, Lukasz"]
[Black "Valenta, Vit"]
[Result "0-1"]
[ECO "E71"]
[WhiteElo "2267"]
[BlackElo "2147"]
[Annotator "NA"]
[PlyCount "82"]
[EventDate "2019.06.28"]
[EventType "swiss"]
[EventCountry "SVK"]
[SourceTitle "playchess.com"]
[Source "ChessBase"]
[SourceQuality "1"]
[TimeControl "5400+30"]

1. d4 Nf6 2. c4 g6 3. Nc3 Bg7 4. e4 d6 5. h3 Nbd7 6. Be3 e5 7. d5 Nc5 8. f3 Nh5 9. Nge2 f5 10. Qd2 fxe4 11. fxe4 Qh4+ 12. g3 Nxg3 13. Bg5 Nxf1+ 14. Bxh4 Nxd2 15. Kxd2 O-O 16. b4 Na6 17. a3 Rf3 18. Bg3 Bh6+ 19. Kc2 Bd7 20. h4 Bg4 21. Rhg1 Bh5 22. Raf1 Raf8 23. Rxf3 Rxf3 24. Be1 Be3 25. Rg3 Kf7 26. Rxf3+ Bxf3 27. Kd3 Bb6 28. Na4 Bxe2+ 29. Kxe2 Bd4 30. Bf2 Bxf2 31. Kxf2 Nb8 32. c5 Kf6 33. Kg3 h5 34. cxd6 cxd6 35. Nb2 b5 36. a4 bxa4 37. Nxa4 Na6 38. b5 Nc5 39. Nxc5 dxc5 40. Kf3 g5 41. hxg5+ Kxg5 0-1